 Dungeon Crawl Stone Soup version 0.30-a0-170-g85af917532 (webtiles) character file.

Game seed: 9462407449014655941

95 scionoferis the Shooter (level 4, -10/27 HPs)
             Began as a Kobold Hunter on Sept 30, 2022.
             Killed by nerve-wracking pain
             ... invoked by Jessica
              (14 damage)
             ... on level 3 of the Dungeon.
             The game lasted 00:06:22 (2517 turns).

scionoferis the Shooter (Kobold Hunter)             Turns: 2517, Time: 00:06:23

Health: -10/27     AC:  9    Str: 10    XL:     4   Next: 95%
Magic:  4/4        EV: 11    Int: 10    God:
Gold:   28         SH:  0    Dex: 18    Spells: 3/3 levels left

rFire   . . .      SeeInvis .    b - +0 dagger
rCold   . . .      Faith    .    (no shield)
rNeg    . . .      Spirit   .    f - +2 scale mail {rPois}
rPois   +          Reflect  .    (no helmet)
rElec   .          Harm     .    (no cloak)
rCorr   .          Rampage  .    (no gloves)
Will    .....                    l - +0 pair of boots
Stlth   ++........               (no amulet)
HPRegen 0.09/turn                (no ring)
MPRegen 0.09/turn                (no ring)

@: brilliant, attractive, invisible
A: small, no large weapons, nightstalker 3
a: no special abilities


You were on level 3 of the Dungeon.
You visited 1 branch of the dungeon, and saw 3 of its levels.

You collected 74 gold pieces.
You spent 46 gold pieces at shops.

Inventory:

Hand Weapons
 a - a +0 shortbow
 b - a +0 dagger (weapon)
Missiles
 d - 8 poisoned darts
Armour
 f - a +2 scale mail of poison resistance (worn)
 l - a +0 pair of boots (worn)
Scrolls
 c - 2 scrolls of butterflies
 g - 2 scrolls of blinking
 i - 3 scrolls of immolation
 j - a scroll of vulnerability
 k - a scroll of enchant weapon
 n - 2 scrolls of teleportation {unknown}
Potions
 p - a potion of haste {unknown}


   Skills:
 + Level 2.9 Fighting
 * Level 1.9 Short Blades
 + Level 5.7 Ranged Weapons
 * Level 1.4 Armour
 + Level 3.0 Dodging
 + Level 2.5 Stealth


You had 3 spell levels left.
You didn't know any spells.
Your spell library contained the following spells:

 Spells                   Type           Power      Damage    Failure   Level
 Scorch                   Fire           0%         2d5       98%         2
 Flame Wave               Conj/Fire      0%         2d4       100%        4
 Summon Cactus Giant      Summ           0%         N/A       100%        6


Dungeon Overview and Level Annotations

Branches:
Dungeon (3/15)

Altars:

Shops:
D:1 *?

Annotations:
D:3 Jessica


Innate Abilities, Weirdness & Mutations

You are small and have problems with some larger weapons.
You are completely attuned to the shadows.


Message History

Jessica hits you but does no damage.
You barely miss Jessica.
Jessica is heavily wounded.
Jessica hits you but does no damage.
Jessica mumbles some strange words.
Jessica blinks!
You closely miss Jessica.
Jessica is heavily wounded.
Jessica hits you but does no damage.
You hit Jessica but do no damage.
Jessica is heavily wounded.
Jessica hits you but does no damage. Jessica closely misses you.
You barely miss Jessica.
Jessica is moderately wounded.
Jessica hits you but does no damage.
It was a potion of brilliance.
You feel clever all of a sudden. Jessica hits you but does no damage.
You hit Jessica but do no damage.
Jessica is moderately wounded.
Jessica gestures wildly while chanting.
Jessica blinks!
Jessica is attracted toward you.
You hit Jessica.
Jessica is heavily wounded.
Jessica looks very angry.
Jessica hits you but does no damage.
You hit Jessica.
Jessica is severely wounded.
Jessica gestures at you while chanting. Pain shoots through your body!
* * * LOW HITPOINT WARNING * * *
Jessica hits you but does no damage.
Okay, then.
Unknown command.
It was a potion of invisibility.
You fade into invisibility!
Jessica points at you and mumbles some strange words.
Pain shoots through your body!
Ouch! That really hurt!
You die...

##########
.........#
#ยง@@###.####
+...+......#
#...###.##.#
#####
#.##.##..
#.#.....#
##........
#>..######
#..####
#......


You could see Jessica (fast, unable to see you).

Vanquished Creatures
  4 adders
  A worm (D:2)
  2 dart slugs
  3 endoplasms
  2 goblins (D:2)
  6 hobgoblins
  8 jackals
  4 quokkas
  4 ball pythons (D:1)
  3 bats (D:1)
  5 frilled lizards
  4 kobolds
  A rat (D:3)
47 creatures vanquished.

Notes
Turn   | Place    | Note
-------+----------+-------------------------------------------
     0 | D:1      | scionoferis the Kobold Hunter began the quest for the Orb.
     0 | D:1      | Reached XP level 1. HP: 12/12 MP: 1/1
   100 | D:1      | Found a faded altar of an unknown god.
   117 | D:1      | Found Sitodedgh's Magic Scroll Shoppe.
   290 | D:1      | Found Mukec's Assorted Antiques.
   319 | D:1      | Reached XP level 2. HP: 18/18 MP: 2/2
   632 | D:1      | Reached XP level 3. HP: 13/22 MP: 3/3
   850 | D:1      | Reached skill level 1 in Armour
  1076 | D:1      | Bought a scroll of identify for 20 gold pieces
  1100 | D:1      | Bought a scroll labelled UJOMERH COAPS for 26 gold pieces
  1355 | D:2      | Reached skill level 1 in Short Blades
  1362 | D:2      | Reached XP level 4. HP: 18/27 MP: 4/4
  2496 | D:3      | Noticed Jessica
  2517 | D:3      | Killed from afar by Jessica

Illustrated notes

Levels and vault maps discovered:
D:1:      minmay_arrival_split_and_join, layout_loops_ring,
          chequers_ecumenical_altar_simple, serial_shops, shop,
          nicolae_shop_behind_doors
D:2:      layout_loops_ring, amcnicky_mini_corridor_feature
D:3:      layout_basic, nicolae_uskayaw_en_pointe, lemuel_crystal_altar,
          uniq_jessica

Skill      XL: |  1  2  3  4 |
---------------+-------------+-----
Armour         | 1 |  1.4
Stealth        | 2 |  2.5
Short Blades   | 1 |  1.9
Dodging        | 3 |  3.0
Fighting       | |  2.9
Ranged Weapons | |  5.7

Action                   |  1- 3 |  4- 6 || total
-------------------------+-------+-------++-------
Melee: Dagger            |    40 |    83 ||   123
       Punch             |       |     1 ||     1
 Fire: Shortbow          |    77 |    20 ||    97
  Use: Scroll            |     2 |     2 ||     4
       Potion            |       |     4 ||     4
 Stab: Sleeping          |     1 |       ||     1
Armor: Leather armour    |     4 |       ||     4
       Scale mail        |    38 |    45 ||    83
Dodge: Dodged            |    67 |    54 ||   121

Table legend: (Time is in decaauts)
 A = Elapsed time spent in this place.
 B = Non-inter-level travel time spent in this place.
 C = Inter-level travel time spent in this place.
 D = Time resting spent in this place.
 E = Time spent auto-exploring this place.
 F = Levels seen in this place.
 G = Mean time per level.
                   A        B        C        D        E       F      G
               +--------+--------+--------+--------+--------+-----+--------+
         Total |   2550 |   2469 |     81 |    163 |   1883 |   3 |  850.0 |
       Dungeon |   2550 |   2469 |     81 |    163 |   1883 |   3 |  850.0 |
               +--------+--------+--------+--------+--------+-----+--------+

Top non-repeatable levels by time:
     D:2: 1165 daAuts
     D:1: 1150 daAuts
     D:3: 235 daAuts
